 Dungeon Crawl Stone Soup version 0.14-a0-1613-gd720e3e (webtiles) character file.

419 PolkaDot the Vexing (level 6, 0/44 HPs)
             Began as a Vampire Enchanter on Dec 24, 2013.
             Was a Follower of Kikubaaqudgha.
             Slain by an iguana (12 damage)
             ... on Level 4 of the Dungeon.
             The game lasted 00:08:22 (2423 turns).

PolkaDot the Vexing (Vampire Enchanter)             Turns: 2423, Time: 00:08:23

HP   0/44        AC  3     Str  7      XL: 6   Next:  1%
MP  10/10        EV 13     Int 17      God: Kikubaaqudgha [*.....]
Gold 149         SH  0     Dex 16      Spells:  2 memorised,  2 levels left

rFire  . . .     SeeInvis +     g - +1 mace (distort)
rCold  . . .     Clarity  +     b - +1 robe
rNeg   . . .     Conserve .     (no shield)
rPois  .         rCorr    .     (no helmet)
rElec  .         rRot     .     (no cloak)
SustAb . .       Spirit   .     (no gloves)
rMut   .         Warding  .     (no boots)
Saprov . . .     Stasis   .     h - amulet of clarity {unknown}
                                (no ring)
                                (no ring)

@: regenerating quickly, slightly resistant to hostile enchantments, very
stealthy
A: bottle blood, fangs 3, see invisible, unbreathing
a: Bottle Blood, Receive Corpses, Renounce Religion


You were on level 4 of the Dungeon.
You worshipped Kikubaaqudgha.
Kikubaaqudgha was aware of your devotion.
You were full.

You visited 1 branch of the dungeon, and saw 4 of its levels.

You collected 149 gold pieces.

Inventory:

Hand weapons
 a - a +1,+1 dagger
 g - a +1,+1 mace of distortion (weapon)
Missiles
 d - 12 darts (quivered)
Armour
 b - a +1 robe (worn)
Scrolls
 e - a scroll of fear {unknown}
 f - 2 scrolls of teleportation
 i - 3 scrolls of identify {unknown}
 j - a scroll of noise {unknown}
Jewellery
 h - an amulet of clarity (around neck) {unknown}
Potions
 k - a potion of agility {unknown}
Books
 c - a book of Maledictions

   Spells                             Type                      Level
   *Corona                            Hexes                        1
   Sure Blade                         Hexes/Charms                 2
   Ensorcelled Hibernation            Hexes/Ice                    2
   Confuse                            Hexes                        3
   Enslavement                        Hexes                        4
   *Invisibility                      Hexes                        6
 l - Kikubaaqudgha's Compendium of Dark Rites {god gift}
   (Kikubaaqudgha gifted it to you on level 3 of the Dungeon)

   Spells                             Type                      Level
   Pain                               Necromancy                   1
   Corpse Rot                         Necromancy                   2
   Sublimation of Blood               Necromancy                   2
   Regeneration                       Charms/Necromancy            3
   Control Undead                     Necromancy                   4


   Skills:
 - Level 2.0 Fighting
 - Level 2.1 Short Blades
 - Level 0.7 Throwing
 - Level 2.1 Dodging
 + Level 6.4 Stealth
 - Level 2.0 Spellcasting
 * Level 6.8 Hexes


You had 2 spell levels left.
You knew the following spells:

 Your Spells              Type           Power        Failure   Level  Hunger
a - Corona                Hex            ###....      1%          1    #......
b - Invisibility          Hex            ###.....     99%         6    #######


Dungeon Overview and Level Annotations

Branches:
Dungeon (4/16)
 Temple: D:4-7

Altars:
Kikubaaqudgha
the Shining One

Shops:
D:4 (


Innate Abilities, Weirdness & Mutations

Your natural rate of healing is unusually fast.
You can bottle blood from corpses.
You have razor-sharp teeth.*
You have supernaturally acute eyesight.
You can survive without breathing.*


Message History

The iguana is lightly wounded.
The iguana barely misses you. The iguana misses you.
You hit the iguana.
The iguana is moderately wounded.
The iguana blinks!
The iguana bites you!
You hit the iguana.
Space bends around the iguana.
The iguana is heavily wounded.
The iguana bites you!
* * * LOW HITPOINT WARNING * * *
You are too injured to fight recklessly!
You are too injured to fight recklessly!
You are too injured to fight recklessly!
You hit the iguana.
Space bends around the iguana.
The iguana is almost dead.
The iguana closely misses you.
You closely miss the iguana. You bite the iguana.
The iguana is almost dead.
The iguana bites you!
You die...
Kikubaaqudgha rasps: "You have failed me!
Welcome... oblivion!"

. #. #.## #####
...# ##...# #..##
...#.# #⌠.⌠#####
##...# #.∩(....
##.## #⌠.⌠.# #<#
#.@#.# #.#
#l.#.######. #.#
#.......w... #.#
#.......$..# #.#
####.#####..
#.###### #.#
#......#########.#
######...........#
#############


You could see an iguana.

Vanquished Creatures
  An orc priest (D:3)
  3 orc wizards (D:3)
  6 adders
  An inept feature mimic (D:2)
  2 giant mites
  A worm (D:3)
  An ooze (D:3)
  10 orcs (D:3)
  A ball python (D:1)
  3 giant cockroaches
  10 goblins
  10 hobgoblins
  2 jackals (D:2)
  6 kobolds
  12 bats
  7 rats
76 creatures vanquished.

Notes
Turn   | Place    | Note
--------------------------------------------------------------
     0 | D:1      | PolkaDot, the Vampire Enchanter, began the quest for the Orb.
     0 | D:1      | Reached XP level 1. HP: 13/13 MP: 3/3
   345 | D:1      | Reached XP level 2. HP: 16/19 MP: 4/4
   693 | D:2      | Found a glowing golden altar of the Shining One.
   881 | D:2      | Reached XP level 3. HP: 25/25 MP: 4/6
   962 | D:2      | Reached skill level 5 in Hexes
  1022 | D:2      | Reached skill level 1 in Fighting
  1077 | D:2      | Reached XP level 4. HP: 12/32 MP: 7/7
  1244 | D:2      | Found an ancient bone altar of Kikubaaqudgha.
  1275 | D:2      | Became a worshipper of Kikubaaqudgha
  1700 | D:3      | Reached skill level 5 in Stealth
  1700 | D:3      | Reached skill level 6 in Hexes
  1730 | D:3      | Reached XP level 5. HP: 21/37 MP: 9/9
  2094 | D:3      | Acquired Kikubaaqudgha's first power
  2094 | D:3      | Received a gift from Kikubaaqudgha
  2095 | D:3      | Identified Kikubaaqudgha's Compendium of Dark Rites {god gift} (Kikubaaqudgha gifted it to you on level 3 of the Dungeon)
  2222 | D:3      | Noticed an ogre
  2241 | D:3      | Reached XP level 6. HP: 30/44 MP: 10/10
  2249 | D:3      | Learned a level 6 spell: Invisibility
  2415 | D:4      | Found Gueqabido's Antique Weapon Shoppe.
  2423 | D:4      | Slain by an iguana

Action                   |  1- 3 |  4- 6 || total
-------------------------+-------+-------++-------
Melee: Mace              |    76 |   102 ||   178
       Dagger            |    16 |       ||    16
 Cast: Corona            |     1 |       ||     1
  Use: Scroll            |     2 |     1 ||     3
       Potion            |     2 |       ||     2
 Stab: Sleeping          |     3 |     8 ||    11
       Distracted        |       |     1 ||     1
